 Dungeon Crawl Stone Soup version 0.30.1-4-g462c640d31 (webtiles) character file.

Game seed: 6128096270256756131

0 rosetango the Sneak (level 1, 0/15 HPs)
             Began as a Naga Fire Elementalist on Aug 13, 2023.
             Slain by a goblin
             ... wielding a +1 dagger of venom
              (3 damage)
             ... on level 1 of the Dungeon.
             The game lasted 00:00:47 (62 turns).

rosetango the Sneak (Naga Fire Elementalist)          Turns: 62, Time: 00:00:47

Health: 0/15       AC:  1    Str: 10    XL:     1   Next: 0%
Magic:  0/3        EV:  9    Int: 15    God:
Gold:   0          SH:  0    Dex: 11    Spells: 3/4 levels left

rFire   . . .        (no weapon)
rCold   . . .        (no shield)
rNeg    . . .        a - +0 robe
rPois   +            (no helmet)
rElec   .            (no cloak)
rCorr   .            (no gloves)
SInv    +            (no barding)
Will    .....        (no amulet)
Stlth   ++           (no ring)
HPRegen 0.22/turn    (no ring)
MPRegen 0.08/turn

%: no passive effects
@: very slightly contaminated, very slow
A: AC +0, large, see invisible, deformed body, poison resistance, slowness 2,
spit poison 1, naga tail 1
a: Spit Poison


You were on level 1 of the Dungeon.
You visited 1 branch of the dungeon, and saw 1 of its levels.

Inventory:

Armour
 a - a +0 robe (worn)
Potions
 b - a potion of magic
 c - a potion of mutation {unknown}


   Skills:
 + Level 1.5 Dodging
 + Level 3.0 Stealth
 + Level 2.0 Spellcasting
 + Level 1.0 Conjurations
 + Level 3.0 Fire Magic


You had 3 spell levels left.
You knew the following spells:

 Your Spells              Type           Power      Damage    Failure   Level
a - Foxfire               Conj/Fire      28%        2x1d5     10%         1

Your spell library contained the following spells:

 Spells                   Type           Power      Damage    Failure   Level
 Scorch                   Fire           20%        2d5       10%         2
 Inner Flame              Hex/Fire       6%         N/A       34%         3
 Volatile Blastmotes      Fire/Tloc      12%        2d11      34%         3
 Flame Wave               Conj/Fire      7%         2d5       67%         4


Dungeon Overview and Level Annotations

Branches:
Dungeon (1/15)

Altars:


Innate Abilities, Weirdness & Mutations

Your serpentine skin is tough. (AC +0)
You have supernaturally acute eyesight. (SInv)
Armour fits poorly on your strangely shaped body.
Your system is resistant to poisons. (rPois)
You cover ground very slowly.
You can spit poison.
You have a snake-like lower body.


Message History

A nearby plant withers and dies.
Found a smoky green potion.
You enter the shallow water.
Why would you want to do that?
c - a smoky green potion
Found a robe.
You see here a +0 robe.
Unknown command.
Okay, then.
Okay, then.
Okay, then.
You open the gate.
There is an open gate here.
Found a chain mail.
Found a falchion.
A goblin comes into view. It is wielding a +1 dagger of venom.
The goblin shouts!
You barely miss the goblin. The goblin barely misses you.
You barely miss the goblin. The goblin closely misses you.
The goblin hits you with a +1 dagger of venom.
You conjure some foxfire!
The goblin hits you with a +1 dagger of venom.
You are poisoned.
Your foxfire dissipates!
You feel sick.
The foxfire hits the goblin.
The goblin is heavily wounded.
You hit the goblin.
The goblin is severely wounded.
You feel sick. The goblin barely misses you.
You miscast Foxfire.
You are very lightly contaminated with residual magic.
Nothing appears to happen.
You feel sick. The goblin barely misses you.
You miscast Foxfire.
Nothing appears to happen.
You feel sick.
The goblin hits you with a +1 dagger of venom.
* * * LOW HITPOINT WARNING * * *
The goblin attacks as you move away! The goblin barely misses you.
You feel sick.
You are no longer poisoned.
The goblin hits you with a +1 dagger of venom.
You die...

#P....~~~≈# #.......≈≈#
#P.....≈≈≈# #♣....≈~≈≈#
### #♣....~~≈≈# ..#
#......≈≈≈# #)#
##.....≈≈≈#
#.######P...~≈≈≈#
#@##..'.....~~≈≈#
#######g##..'......~≈≈#
............'...♣..~≈≈#
#######.######..[..≈≈≈#
.... #....~≈≈≈# .[.....
#P♣P..~≈≈≈# #.###...##
########### # ##..#
#..#


You could see a goblin.

Vanquished Creatures (others)
  A foxfire (D:1)
1 creature vanquished.

Notes
Turn   | Place    | Note
-------+----------+-------------------------------------------
     0 | D:1      | rosetango the Naga Fire Elementalist began the quest for
                  | the Orb.
     0 | D:1      | Reached XP level 1. HP: 15/15 MP: 3/3
    62 | D:1      | Slain by a goblin

Illustrated notes

Levels and vault maps discovered:
D:1:      kennysheep_arrival_seaside, layout_loops_ring,
          dreamdust_ecumenical_altar_grove, minmay_cupped

Action                     || total
---------------------------++-------
  Melee: Unarmed           ||     9
         Punch             ||     1
   Cast: Foxfire           ||     1
  Dodge: Dodged            ||     5
